 Dungeon Crawl Stone Soup version 0.20-a0-864-g92acfd1 (webtiles) character file.

15600 Firecrotchwizard the Arsonist (level 12, -1/81 HPs)
             Began as a Hill Orc Fire Elementalist on Mar 13, 2017.
             Was an Elder of Vehumet.
             Slain by a skeletal warrior
             ... wielding a +0 dire flail
             ... led by a skeletal warrior
              (18 damage)
             ... on level 10 of the Dungeon.
             The game lasted 01:00:06 (17733 turns).

Firecrotchwizard the Arsonist (HOFE)               Turns: 17733, Time: 01:00:08

Health: -1/81      AC:  9    Str: 12    XL:     12   Next: 28%
Magic:  1/22       EV: 12    Int: 22    God:    Vehumet [****..]
Gold:   468        SH:  5    Dex: 11    Spells: 8/25 levels left

rFire    + . .     SeeInvis .   x - +1 mace "Dyxzuc" {crush, rElec Int+3 Stlth+}
rCold    x . .     Gourm    .   a - +1 robe
rNeg     . . .     Faith    .   C - +0 buckler
rPois    .         Spirit   .   B - +2 hat
rElec    +         Reflect  .   (no cloak)
rCorr    .         Harm     .   L - +0 pair of gloves
MR       .....                  (no boots)
Stlth    +++.......             (no amulet)
Regen    0.3/turn               t - +3 ring of protection
MPRegen  0.2/turn               f - ring of fire

@: no status effects
A: no striking features
a: Renounce Religion


You were on level 10 of the Dungeon.
You worshipped Vehumet.
Vehumet was greatly pleased with you.
You were hungry.

You visited 2 branches of the dungeon, and saw 12 of its levels.
You also visited: Sewer.

You collected 468 gold pieces.

Inventory:

Hand Weapons
 k - a +0 club
 q - a +1 spear
 x - the +1 mace "Dyxzuc" (weapon) {crush, rElec Int+3 Stlth+}
   (You found it on level 6 of the Dungeon)

   It inflicts extra damage upon your enemies.
   It affects your intelligence (+3).
   It insulates you from electricity.
   It makes you more stealthy.
 I - the +4 falchion "Fumynluu" {drain, rElec}
   (You found it on level 10 of the Dungeon)

   A truly terrible weapon, it drains the life of those it strikes.
   It insulates you from electricity.
Missiles
 p - 2 throwing nets
 s - 11 tomahawks (quivered)
Armour
 a - a +1 robe (worn)
 B - a +2 hat (worn)
 C - a +0 buckler (worn)
 L - a +0 pair of gloves (worn)
 M - a +0 troll leather armour
Jewellery
 f - a ring of fire (left hand)
 i - an uncursed ring of ice
 t - a +3 ring of protection (right hand)
 G - an uncursed ring of flight
Wands
 l - a wand of flame (22/48)
 w - a wand of clouds (7/9)
Scrolls
 e - 3 scrolls of enchant weapon
 g - a scroll of fog
 r - a scroll of noise
 v - 5 scrolls of identify
 y - a scroll of amnesia
 D - a scroll of enchant armour
 E - 3 scrolls of remove curse
 J - a scroll of fear
 K - 2 scrolls of recharging
 P - 2 scrolls of teleportation
Potions
 d - 2 potions of cancellation
 n - 3 potions of brilliance
 o - 2 potions of heal wounds {unknown}
 u - 2 potions of magic
 z - 2 potions of invisibility
 A - 3 potions of might
 F - 2 potions of haste
 O - a potion of flight {unknown}
Books
 b - a book of Flames

   Spells                             Type                      Level
   a - Flame Tongue                   Conjuration/Fire             1
   b - Throw Flame                    Conjuration/Fire             2
   c - Conjure Flame                  Conjuration/Fire             3
   d - Inner Flame                    Hexes/Fire                   3
   e - Sticky Flame                   Conjuration/Fire             4
   f - Fireball                       Conjuration/Fire             5
 j - a book of Fire

   Spells                             Type                      Level
   a - Ignite Poison                  Fire/Transmutation/Poison    3
   b - Fireball                       Conjuration/Fire             5
   c - Bolt of Fire                   Conjuration/Fire             6
   d - Ring of Flames                 Charms/Fire                  7
   e - Ignition                       Fire                         8
Comestibles
 c - 5 bread rations
 h - a meat ration
 H - 2 royal jellies


   Skills:
 - Level 1.5 Dodging
 - Level 1.5 Stealth
 - Level 6.1 Shields
 + Level 7.2 Spellcasting
 * Level 11.8 Conjurations
 * Level 12.6 Fire Magic


You had 8 spell levels left.
You knew the following spells:

 Your Spells              Type           Power        Failure   Level  Hunger
a - Flame Tongue          Conj/Fire      #####        1%          1    None
b - Conjure Flame         Conj/Fire      #######.     1%          3    None
c - Sticky Flame          Conj/Fire      #######.     1%          4    ###....
d - Shock                 Conj/Air       ####         1%          1    None
e - Fireball              Conj/Fire      #######...   1%          5    #####..
f - Mephitic Cloud        Conj/Pois/Air  ####....     1%          3    None


Dungeon Overview and Level Annotations

Branches:
Dungeon (11/15)            Temple (1/1) D:5            Lair (0/6) D:11
    Orc (0/2) D:10

Altars:
Ashenzari
Cheibriados
Dithmenos
Kikubaaqudgha
Makhleb
Nemelex Xobeh
Okawaru
Qazlal
Ru
Sif Muna
Trog
Vehumet
Wu Jian
Xom
The Shining One

Annotations:
D:4 1 runed door
D:5 Zdeegee's ghost, amateur TeVM
D:8 exclusions: obsidian statue and orange crystal statue


Message History

Press: ? - help, Shift-Dir - straight line, f/p - skeletal warrior
Aim: a skeletal warrior, wielding a dire flail (almost destroyed, covered in liquid flames)
You feel a surge of power!
The sticky flame hits the skeletal warrior.
The skeletal warrior appears unharmed.
The skeletal warrior is almost destroyed.
The skeletal warrior burns!
You block the skeletal warrior's attack.
Casting: Sticky Flame
Confirm with . or Enter, or press ? or * to list all spells.
Aiming: Flame Tongue
Press: ? - help, Shift-Dir - straight line, f/p - skeletal warrior
Aim: a skeletal warrior, wielding a dire flail (almost destroyed, covered in liquid flames)
You feel a surge of power!
The flame tongue hits the skeletal warrior.
The skeletal warrior appears unharmed.
The skeletal warrior is almost destroyed.
The skeletal warrior burns!
The skeletal warrior hits you with a dire flail!!
You die...

....##..........#
................#
###.............#
####..).......#
###..<.......#
#..!.........#
#.###......########
##.#
######.#......#
##..# #...@....#
##..## ###z.....#
##.## #......# ##.#
#......# ...#
#......# ####
###.#### #########
#.# #.......# #.#
#.......# #.#


You could see a skeletal warrior (burning).

Vanquished Creatures
  Erica (D:9)
  3 two-headed ogres
  A skeletal warrior (D:11)
  A cyclops (D:11)
  2 manticores (D:11)
  An elephant (D:11)
  A naga mage (D:11)
  2 centaur skeletons
  A queen bee (D:8)
  A troll (D:11)
  A hornet (D:8)
  4 slime creatures
  2 hippogriffs
  A wraith (D:9)
  9 yaks
  A basilisk (D:11)
  Grum (D:9)
  4 sky beasts
  4 orc warriors
  A black bear (D:6)
  2 ice beasts (D:9)
  An eye of draining (D:9)
  A phantom (D:5)
  4 ogres
  2 necrophages
  4 centaurs
  3 wolves (D:9)
  4 crocodiles
  7 bullfrogs
  A wyvern zombie (D:10)
  A wyvern skeleton (D:9)
  2 scorpions
  A water moccasin skeleton (D:7)
  28 killer bees
  16 wights
  2 howler monkeys (D:8)
  3 bullfrog zombies
  3 crimson imps
  A centaur zombie (D:7)
  A quasit (D:7)
  3 hounds
  5 jellies
  4 orc priests
  3 orc wizards
  Ijyb (D:3)
  4 iguanas
  13 worker ants
  A hound skeleton (D:6)
  A howler monkey skeleton (D:10)
  A worker ant zombie (D:11)
  15 adders
  A river rat (D:4)
  A shadow imp (D:6)
  An adder zombie (D:9)
  3 adder skeletons
  6 worms
  2 dart slugs
  5 leopard geckos
  46 orcs
  3 ball pythons
  7 giant cockroaches
  13 goblins
  3 hobgoblins
  17 jackals
  6 quokkas
  A ball python skeleton (D:6)
  4 bats
  5 frilled lizards
  10 kobolds
  A quokka skeleton (D:5)
  A quokka zombie (D:5)
  10 rats
326 creatures vanquished.

Vanquished Creatures (others)
  2 fungi (D:11)
  3 plants (D:11)
5 creatures vanquished.

Grand Total: 331 creatures vanquished

Notes
Turn   | Place    | Note
-------+----------+-------------------------------------------
     0 | D:1      | Firecrotchwizard the Hill Orc Fire Elementalist began the quest for the Orb.
     0 | D:1      | Reached XP level 1. HP: 14/14 MP: 3/3
   305 | D:1      | Reached XP level 2. HP: 8/20 MP: 2/4
  1238 | D:2      | Reached XP level 3. HP: 26/26 MP: 0/5
  1297 | D:2      | Learned a level 3 spell: Conjure Flame
  1451 | D:2      | Found a snail-covered altar of Cheibriados.
  1451 | D:2      | Found a faded altar of an unknown god.
  1456 | D:2      | Found a faded altar of an unknown god.
  1458 | D:2      | Found an ancient bone altar of Kikubaaqudgha.
  1460 | D:2      | Found a sparkling altar of Nemelex Xobeh.
  2299 | D:2      | Reached XP level 4. HP: 33/33 MP: 3/6
  2373 | D:3      | Reached skill level 4 in Fire Magic
  3261 | D:3      | Reached XP level 5. HP: 20/38 MP: 4/8
  3645 | D:3      | Noticed Ijyb
  3675 | D:3      | Killed Ijyb
  3675 | D:3      | Reached XP level 6. HP: 23/45 MP: 0/9
  3985 | D:3      | Learned a level 4 spell: Sticky Flame
  4430 | D:4      | Found a glowing drain.
  4513 | Sewer    | Entered a sewer
  4640 | Sewer    | Reached skill level 5 in Fire Magic
  4955 | D:4      | Found a runed door.
  5068 | D:5      | Entered Level 5 of the Dungeon
  5240 | D:5      | Found a shadowy altar of Dithmenos.
  5254 | D:5      | Reached skill level 5 in Conjurations
  5254 | D:5      | Reached XP level 7. HP: 23/50 MP: 3/11
  5427 | D:5      | Found a shattered altar of Ashenzari.
  5598 | D:5      | Noticed Zdeegee's ghost (amateur TeVM)
  5776 | D:5      | Found a sacrificial altar of Ru.
  5832 | D:5      | Found a stormy altar of Qazlal.
  5929 | D:5      | Found a staircase to the Ecumenical Temple.
  5938 | Temple   | Entered the Ecumenical Temple
  5944 | Temple   | Became a worshipper of Vehumet
  6330 | D:5      | Reached skill level 6 in Fire Magic
  6718 | D:5      | Found an ornate altar of the Wu Jian Council.
  6832 | D:6      | Got a transparent mace
  6833 | D:6      | Identified the +1 mace "Dyxzuc" {crush, rElec Int+3 Stlth+} (You found it on level 6 of the Dungeon)
  7268 | D:6      | Reached XP level 8. HP: 57/57 MP: 1/12
  8014 | D:6      | Reached * piety under Vehumet
  8014 | D:6      | Offered knowledge of Shock by Vehumet.
  8032 | D:6      | Found a deep blue altar of Sif Muna.
  8035 | D:6      | Learned a level 1 spell: Shock
  8041 | D:6      | Learned a level 5 spell: Fireball
  8188 | D:6      | Reached skill level 7 in Fire Magic
  8782 | D:7      | Found an iron altar of Okawaru.
  9530 | D:8      | Noticed a hornet
  9536 | D:8      | Paralysed by a hornet for 2 turns
  9540 | D:8      | Killed a hornet
  9540 | D:8      | Reached skill level 1 in Shields
  9540 | D:8      | Reached XP level 9. HP: 17/62 MP: 1/15
  9828 | D:8      | Reached skill level 8 in Fire Magic
  9907 | D:8      | Noticed an obsidian statue
 10436 | D:8      | Noticed an orange crystal statue
 10632 | D:8      | Noticed a queen bee
 10728 | D:8      | Offered knowledge of Throw Frost by Vehumet.
 10740 | D:8      | Reached ** piety under Vehumet
 11346 | D:8      | Reached skill level 5 in Spellcasting
 11427 | D:8      | Killed a queen bee
 11505 | D:8      | Reached skill level 9 in Fire Magic
 11580 | D:8      | Reached XP level 10. HP: 62/69 MP: 3/17
 11939 | D:8      | Reached skill level 5 in Shields
 12003 | D:9      | Noticed Erica
 12011 | D:9      | Killed Erica
 12154 | D:9      | Noticed Grum
 12170 | D:9      | Noticed a two-headed ogre
 12270 | D:9      | Noticed a two-headed ogre
 12286 | D:9      | Killed a two-headed ogre
 12591 | D:9      | Found a shimmering altar of Xom.
 12599 | D:9      | Found a burning altar of Makhleb.
 12651 | D:9      | Reached skill level 10 in Fire Magic
 12660 | D:9      | Offered knowledge of Mephitic Cloud by Vehumet.
 12938 | D:9      | Reached XP level 11. HP: 54/74 MP: 2/20
 13394 | D:9      | Learned a level 3 spell: Mephitic Cloud
 13429 | D:10     | Entered Level 10 of the Dungeon
 13439 | D:10     | Reached *** piety under Vehumet
 13487 | D:10     | Got a crystal falchion
 13542 | D:10     | Identified the +4 falchion "Fumynluu" {drain, rElec} (You found it on level 10 of the Dungeon)
 13575 | D:10     | Noticed a two-headed ogre
 13586 | D:10     | Killed a two-headed ogre
 13586 | D:10     | Reached skill level 10 in Conjurations
 13865 | D:10     | Found a staircase to the Orcish Mines.
 13891 | D:10     | Reached skill level 11 in Fire Magic
 13902 | D:10     | Offered knowledge of Dazzling Spray by Vehumet.
 14588 | D:9      | Killed Grum
 14726 | D:9      | Reached **** piety under Vehumet
 14874 | D:9      | Offered knowledge of Irradiate by Vehumet.
 15733 | D:11     | Noticed a two-headed ogre
 15740 | D:11     | Killed a two-headed ogre
 15810 | D:11     | Noticed a manticore
 15818 | D:11     | Killed a manticore
 15818 | D:11     | Reached skill level 12 in Fire Magic
 16213 | D:11     | Noticed a cyclops
 16219 | D:11     | Killed a cyclops
 16219 | D:11     | Reached XP level 12. HP: 79/81 MP: 6/22
 17032 | D:11     | Found a staircase to the Lair.
 17733 | D:10     | Slain by a skeletal warrior

Vault maps used:
D:1:      onia_arrival_pentagram
D:2:      chequers_temple_overflow_minitemple
D:3:      minmay_misc_feat_chi, st_stairs_4, minmay_statues_item, uniq_iyjb
D:4:      portal_sewer_entry_b, uniq_crazy_yiuf_cottage
D:5:      nicolae_qazlal_general_emergency, nicolae_ru_path_of_blood,
          lemuel_round_altar, grunt_temple_overflow_open,
          minmay_temple_entry_glass, first_bread
D:6:      kennysheep_little_box
D:7:      overflow_temple_1_default
D:8:      minmay_separated_statues, david_nohive_1
D:9:      grunt_temple_overflow_champion_of_chaos, uniq_erica, uniq_grum
D:10:     david_orc_2
D:11:     david_lair_generic, minmay_librarian
Temple:   eino_wide_crystal_templ
Sewer:    sewer_the_crocodile

Skill      XL: |  1  2  3  4  5  6  7  8  9 10 11 |
---------------+----------------------------------+-----
Conjurations   | 2 3 4 5 6 7 8 9 11 | 11.8
Fire Magic     | 4 5 6 7 9 10 12 | 12.6
Spellcasting   | 2 3 4 5 6 7 |  7.2
Shields        | 1 4 6 |  6.1
Dodging        | |  1.5
Stealth        | |  1.5

Action                   |  1- 3 |  4- 6 |  7- 9 | 10-12 || total
-------------------------+-------+-------+-------+-------++-------
Melee: Club              |    19 |    15 |       |       ||    34
       Unarmed           |     6 |       |       |       ||     6
       Spear             |       |    50 |     9 |       ||    59
       Mace              |       |       |     8 |    64 ||    72
 Cast: Flame Tongue      |    51 |   123 |   256 |   350 ||   780
       Sticky Flame      |       |       |    24 |    64 ||    88
       Fireball          |       |       |     3 |    20 ||    23
       Shock             |       |       |       |    12 ||    12
  Use: Scroll            |       |    10 |     7 |     6 ||    23
       Potion            |       |       |     1 |     5 ||     6
  Eat: Chunk             |     5 |    10 |    17 |    12 ||    44
       Fruit             |       |       |     3 |     1 ||     4
       Meat ration       |       |       |     1 |     1 ||     2
       Royal jelly       |       |       |       |     7 ||     7
Armor: Robe              |     7 |    26 |    23 |    62 ||   118
Dodge: Dodged            |    23 |    89 |    88 |   141 ||   341
Block: Buckler           |       |       |       |    42 ||    42
